 Dungeon Crawl Stone Soup version 0.28-a0-479-g5baa6b73be (webtiles) character file.

Game seed: 14851931985651264345

14806 Dabor the Carver (level 12, 0/97 HPs)
             Began as a Gnoll Chaos Knight on Sept 18, 2021.
             Was a Plaything of Xom.
             Killed by divine providence
             ... invoked by an orc priest
              (16 damage)
             ... on level 2 of the Orcish Mines.
             The game lasted 00:30:45 (12985 turns).

Dabor the Carver (Gnoll Chaos Knight)              Turns: 12985, Time: 00:30:45

Health: 0/97       AC: 30    Str: 20      XL:     12   Next: 20%
Magic:  22/22      EV:  6    Int: 11 (12) God:    Xom [...*..]
Gold:   971        SH: 14    Dex: 10      Spells: 25/25 levels left

rFire   + . .      SeeInvis .   q - +5 flail (spect)
rCold   + . .      Faith    .   x - +0 kite shield
rNeg    . . .      Spirit   .   j - +5 plate armour of Migaromn {rElec rF+ Stlth+}
rPois   .          Reflect  +   h - +1 helmet
rElec   +          Harm     .   l - +0 cloak
rCorr   .          Rampage  .   n - +2 pair of gloves
Will    +....                   k - +2 pair of boots
Stlth   +.........              c - amulet of reflection
HPRegen 0.26/turn               G - +6 ring of strength
MPRegen 0.18/turn               e - +4 ring of protection

@: brilliant, unable to read
A: fangs 1, strong nose, distributed training, hooves 1, iridescent scales 1,
camouflage 1, clumsy 2, cold resistance 1, deformed body, deterioration 1,
strong-willed 1, screaming 1, inability to read while threatened
a: Renounce Religion


You were on level 2 of the Orcish Mines.
You worshipped Xom.
You were a favourite toy of Xom.
You visited 3 branches of the dungeon, and saw 13 of its levels.
You also visited: Sewer.

You collected 1235 gold pieces.
You spent 264 gold pieces at shops.

Inventory:

Hand Weapons
 a - a +0 falchion of chaos
 g - a +1 short sword of flaming
 q - a +5 spectral flail (weapon)
 H - a +2 demon trident of draining
Missiles
 f - 12 poisoned darts
 I - 4 atropa-tipped darts
 J - 8 boomerangs (quivered)
Armour
 h - a +1 helmet (worn)
 j - the +5 plate armour of Migaromn (worn) {rElec rF+ Stlth+}
   (You acquired it in a sewer)

   rF:        It protects you from fire.
   rElec:     It insulates you from electricity.
   Stlth:     It makes you more stealthy.
 k - a +2 pair of boots (worn)
 l - a +0 cloak (worn)
 n - a +2 pair of gloves (worn)
 x - a +0 kite shield (worn)
 M - a +0 buckler
Jewellery
 c - an amulet of reflection (around neck)
 e - a +4 ring of protection (right hand)
 i - a ring of protection from fire
 m - a ring of see invisible
 r - a ring of protection from cold
 B - a +4 ring of slaying
 G - a +6 ring of strength (left hand)
 L - a +6 ring of strength
 N - a ring of protection from fire
 R - a ring of ice
Wands
 d - a wand of mindburst (14)
 s - a wand of flame (23)
 y - a wand of polymorph (7)
 O - a wand of paralysis (10)
 Q - a wand of iceblast (4)
Scrolls
 p - a scroll of summoning
 u - 3 scrolls of fog
 w - 7 scrolls of teleportation
 F - 5 scrolls of amnesia
 T - a scroll of blinking
Potions
 b - 2 potions of invisibility
 o - 2 potions of flight
 t - 3 potions of mutation
 v - 2 potions of cancellation
 z - a potion of resistance
 A - a potion of berserk rage
 C - 4 potions of curing
 E - a potion of haste
 K - a potion of brilliance
 P - a potion of ambrosia {unknown}
 S - 2 potions of lignification {unknown}
Miscellaneous
 U - a box of beasts (inert)


   Skills:
 + Level 9.7 Fighting
 + Level 7.0 Short Blades
 + Level 9.7 Long Blades
 + Level 7.0 Axes
 + Level 7.0 Maces & Flails
 + Level 7.0 Polearms
 + Level 7.0 Staves
 + Level 7.0 Slings
 + Level 7.0 Bows
 + Level 7.0 Crossbows
 + Level 7.0 Throwing
 + Level 8.5 Armour
 + Level 7.6 Dodging
 + Level 7.0 Stealth
 + Level 7.0 Shields
 + Level 7.0 Unarmed Combat
 + Level 7.0 Spellcasting
 + Level 5.8 Conjurations
 + Level 5.8 Hexes
 + Level 5.8 Summonings
 + Level 5.8 Necromancy
 + Level 5.8 Translocations
 + Level 5.8 Transmutations
 + Level 5.8 Fire Magic
 + Level 5.8 Ice Magic
 + Level 5.8 Air Magic
 + Level 5.8 Earth Magic
 + Level 5.8 Poison Magic
 + Level 7.7 Invocations
 + Level 7.0 Evocations


You had 25 spell levels left.
You didn't know any spells.
Your spell library contained the following spells:

 Spells                   Type           Power      Damage    Failure   Level
 Corpse Rot               Necr/Air       N/A        N/A       78%         2
 Gell's Gravitas          Tloc           12%        N/A       95%         3
 Lesser Beckoning         Tloc           25%        N/A       95%         3
 Ozocubu's Armour         Ice            25%        N/A       95%         3
 Teleport Other           Tloc           25%        N/A       95%         3
 Animate Dead             Necr           12%        N/A       100%        4
 Dispel Undead            Necr           25%        3d12      100%        4
 Leda's Liquefaction      Hex/Erth       12%        N/A       100%        4
 Borgnjor's Vile Clutch   Necr/Erth      12%        N/A       100%        5
 Lee's Rapid Deconstruct  Erth           12%        3d10*     100%        5
 Metabolic Englaciation   Hex/Ice        12%        N/A       100%        5
 Death Channel            Necr           12%        N/A       100%        6
 Simulacrum               Ice/Necr       12%        N/A       100%        6
 Statue Form              Tmut/Erth      16%        N/A       100%        6


Dungeon Overview and Level Annotations

Branches:
Dungeon (9/15)             Temple (0/1) D:4            Lair (2/6) D:8
    Orc (2/2) D:9             Elf (0/3) Orc:2         Sewer (visited)
  Swamp: Lair:2-4    Shoals: Lair:2-4     Snake: Lair:2-4    Spider: Lair:2-4

Altars:
Elyvilon
Nemelex Xobeh
Okawaru
Qazlal
Wu Jian
Xom
Yredelemnul

Shops:
D:3 *   D:5 (   Orc:1 (   Orc:2 **


Innate Abilities, Weirdness & Mutations

You have very sharp teeth.
Your uncanny sense of smell can sniff out nearby items.
Your experience applies equally to all skills.
You have large cloven feet.
You are partially covered in iridescent scales. (AC +2)
Your skin changes colour to match your surroundings (Stealth+).
You are very clumsy. (Dex -4)
Your flesh is cold resistant. (rC+)
Armour fits poorly on your strangely shaped body.
Your body sometimes deteriorates upon taking damage.
You are strong-willed. (Will+)
You occasionally shout uncontrollably at your foes.
You sometimes lose the ability to read scrolls when taking damage.


Message History

The orc priest hits your orc priest with a +0 club.
You block the orc's attack.
Your orc priest hits the orc with a +0 hand axe.
Your orc priest closely misses the orc.
Your orc priest hits the orc warrior but does no damage.
Your orc priest hits the orc priest with a +0 hand axe.
The orc warrior hits your orc priest with a +0 war axe of draining!
Your orc priest dies!
You barely miss the orc.
The orc is almost dead.
Your +5 spectral flail hits the orc!
You kill the orc!
The orc hits your +5 spectral flail with a +0 hand axe.
Your spectral weapon shares its damage with you!
The orc hits you but does no damage.
* * * LOW HITPOINT WARNING * * *
You closely miss the orc.
Your +5 spectral flail hits the orc!
You kill the orc!
The orc priest hits your +5 spectral flail with a +0 club.
Your spectral weapon shares its damage with you!
* * * LOW HITPOINT WARNING * * *
Aiming: Charm
Press: ? - help, Shift-Dir - straight line, f - orc warrior
Aim: an orc warrior, wielding a +0 war axe of draining and wearing a +0 chain mail (chance to affect: 67%)
The orc warrior struggles to resist.
The now-empty wand crumbles to dust.
The orc priest calls down the wrath of Beogh upon you.
Beogh smites you!
* * * LOW HITPOINT WARNING * * *
Xom is amused.
You don't have any such object.
Evoke which item? (* to show all) (? for menu, Esc to quit)
You don't have any such object.
Evoke which item? (* to show all) (? for menu, Esc to quit)
Okay, then.
Okay, then.
An orc priest comes into view. It is wielding a +0 whip.
The orc priest invokes the aid of Beogh against you.
Beogh smites you!
You die...
Xom guffaws!

.### ## o ..o#... .#.##.## oo
o...... .......# o o..#...
.#..#.# ooo.o...# .....##
###### oo o..#..#
##....####.##.## ...).#
###....##......#######oo.####
.###....##.....#...oo)o......
...#.....##....#@oo.o.o......
(.####...##.........o........
..(####).....................
(####.#.....#................
(# #.........................
## ##........................
###...................... #
#................. #
##........).......


You could see 2 orc warriors, 5 orc priests and 3 orcs.

Vanquished Creatures
  Fannar (Lair:2)
  A boulder beetle (Lair:2)
  The ghost of WhatIsLove the Fighter, a novice HOMo of Beogh (D:6)
  Pikel (D:4)
  An orc knight (Orc:1)
  A manticore (D:7)
  A cyclops (Orc:2)
  2 cane toads
  An unseen horror (D:7)
  A kobold demonologist (D:7)
  2 komodo dragons
  5 trolls
  9 yaks
  2 golden eyes (Lair:2)
  2 basilisks (Lair:1)
  A warg (Orc:2)
  5 water moccasins
  2 sky beasts
  9 orc warriors
  10 ogres
  A black bear (D:6)
  A necrophage (D:7)
  4 wolves (Lair:2)
  A phantom (D:4)
  2 centaurs
  A lemure (D:4)
  11 bullfrogs
  5 scorpions
  2 water moccasin skeletons (D:5)
  6 killer bees
  4 wights (D:6)
  A bullfrog zombie (D:6)
  A centaur zombie (D:8)
  5 hounds
  A centaur skeleton (D:6)
  5 orc priests
  A jelly (D:7)
  A gnoll shaman (D:5)
  9 orc wizards
  Terence (D:2)
  3 iguanas
  Natasha (thrice) (D:3)
  A hound skeleton (D:3)
  A howler monkey zombie (D:7)
  Robin (D:2)
  4 gnolls
  3 howler monkey skeletons
  9 adders
  2 river rats (Sewer)
  3 white imps
  An ufetubus (D:6)
  3 adder skeletons
  An adder zombie (D:3)
  A worm (D:3)
  A dart slug (D:5)
  43 orcs
  9 ball pythons
  10 endoplasms
  7 giant cockroaches
  15 goblins
  10 hobgoblins
  3 jackals (D:4)
  9 quokkas
  A ball python skeleton (D:3)
  11 bats
  9 frilled lizards
  7 kobolds
  15 rats
307 creatures vanquished.

Vanquished Creatures (collateral kills)
  3 yaks (Lair:1)
  An orc priest (Orc:1)
  An orc wizard (Orc:1)
  An orc (Orc:1)
6 creatures vanquished.

Vanquished Creatures (others)
  A shadow (D:7)
  An orc priest (Orc:2)
  An orc (Orc:2)
  4 fungi (Lair:2)
  17 plants (Lair:2)
  A withered plant (D:3)
25 creatures vanquished.

Grand Total: 338 creatures vanquished

Notes
Turn   | Place    | Note
-------+----------+-------------------------------------------
     0 | D:1      | Dabor the Gnoll Chaos Knight began the quest for the Orb.
     0 | D:1      | Reached XP level 1. HP: 23/23 MP: 1/1
    44 | D:1      | XOM: divination: detect items
    88 | D:1      | XOM: potion effect (brilliance)
    94 | D:1      | Reached XP level 2. HP: 29/29 MP: 2/2
   222 | D:1      | XOM: silly message
   306 | D:1      | XOM: divination: magic mapping
   339 | D:1      | Reached XP level 3. HP: 33/35 MP: 3/3
   716 | D:1      | XOM is BORED!
   716 | D:1      | XOM: noise
   950 | D:1      | XOM: 3-stop teleportation journey
   952 | D:1      | XOM: give mutations
   952 | D:1      | Gained mutation: You are partially covered in iridescent
                  | scales. (AC +2) [Xom's grace]
   952 | D:1      | Gained mutation: You have large cloven feet. [Xom's grace]
   952 | D:1      | Gained mutation: Your skin changes colour to match your
                  | surroundings (Stealth+). [Xom's grace]
   970 | D:1      | Reached skill level 1 in Invocations
  1010 | D:1      | XOM: cloud trail
  1174 | D:2      | Noticed Robin
  1193 | D:2      | XOM: scenery: create altars
  1200 | D:2      | Killed Robin
  1201 | D:2      | Reached skill level 1 in Short Blades
  1201 | D:2      | Reached skill level 1 in Axes
  1201 | D:2      | Reached skill level 1 in Maces & Flails
  1201 | D:2      | Reached skill level 1 in Polearms
  1201 | D:2      | Reached skill level 1 in Staves
  1201 | D:2      | Reached skill level 1 in Slings
  1201 | D:2      | Reached skill level 1 in Bows
  1201 | D:2      | Reached skill level 1 in Crossbows
  1201 | D:2      | Reached skill level 1 in Throwing
  1201 | D:2      | Reached skill level 1 in Stealth
  1201 | D:2      | Reached skill level 1 in Shields
  1201 | D:2      | Reached skill level 1 in Unarmed Combat
  1201 | D:2      | Reached skill level 1 in Spellcasting
  1201 | D:2      | Reached skill level 1 in Evocations
  1201 | D:2      | Reached XP level 4. HP: 28/41 MP: 5/5
  1214 | D:2      | XOM: confuse monster(s)
  1539 | D:2      | Found a faded altar of an unknown god.
  1623 | D:2      | Reached skill level 1 in Conjurations
  1623 | D:2      | Reached skill level 1 in Hexes
  1623 | D:2      | Reached skill level 1 in Summonings
  1623 | D:2      | Reached skill level 1 in Necromancy
  1623 | D:2      | Reached skill level 1 in Translocations
  1623 | D:2      | Reached skill level 1 in Transmutations
  1623 | D:2      | Reached skill level 1 in Fire Magic
  1623 | D:2      | Reached skill level 1 in Ice Magic
  1623 | D:2      | Reached skill level 1 in Air Magic
  1623 | D:2      | Reached skill level 1 in Earth Magic
  1623 | D:2      | Reached skill level 1 in Poison Magic
  1676 | D:2      | Reached XP level 5. HP: 40/47 MP: 6/6
  1863 | D:2      | XOM: divination: detect creatures
  1932 | D:2      | Noticed Terence
  1943 | D:2      | Killed Terence
  2011 | D:2      | XOM is BORED!
  2337 | D:3      | XOM: fog
  2352 | D:3      | Found a glowing drain.
  2381 | Sewer    | Entered a sewer
  2410 | Sewer    | XOM: polymorph river rat -> bat
  2745 | Sewer    | XOM: silly message
  2746 | Sewer    | Identified a scroll of acquirement
  2746 | Sewer    | Acquired the +5 plate armour of Migaromn {rElec rF+ Stlth+}
  2871 | D:3      | XOM: summons 1 hostile demon
  2898 | D:3      | Found a white marble altar of Elyvilon.
  2898 | D:3      | Found a stormy altar of Qazlal.
  2902 | D:3      | Found a sparkling altar of Nemelex Xobeh.
  2933 | D:3      | XOM: cleaving
  2938 | D:3      | Reached XP level 6. HP: 53/53 MP: 8/8
  2964 | D:3      | Found Ikaje's Assorted Antiques.
  3135 | D:3      | Found an ornate altar of the Wu Jian Council.
  3136 | D:3      | Noticed Natasha
  3145 | D:3      | Killed Natasha
  3154 | D:3      | Found an iron altar of Okawaru.
  3314 | D:3      | Bought a glowing red potion for 22 gold pieces
  3314 | D:3      | Bought a scroll labelled ZUSSOP RECO for 25 gold pieces
  3314 | D:3      | Bought a sedimented golden potion for 22 gold pieces
  3314 | D:3      | Bought a scroll labelled EPOQAFOLIS for 25 gold pieces
  3325 | D:3      | Noticed Natasha
  3334 | D:3      | Killed Natasha
  3335 | D:3      | Reached skill level 5 in Armour
  3489 | D:3      | Noticed Natasha
  3495 | D:3      | XOM: fog
  3497 | D:3      | Killed Natasha
  3649 | D:4      | Reached XP level 7. HP: 52/59 MP: 10/10
  3744 | D:4      | Found a basalt altar of Yredelemnul.
  3745 | D:4      | XOM: divination: detect creatures
  3784 | D:4      | XOM is BORED!
  3784 | D:4      | XOM: 3-stop teleportation journey
  3786 | D:4      | Found a staircase to the Ecumenical Temple.
  3878 | D:4      | XOM: summons friendly ufetubus
  4058 | D:4      | Noticed Pikel
  4069 | D:4      | Killed Pikel
  4070 | D:4      | Reached XP level 8. HP: 61/67 MP: 10/12
  4118 | D:4      | XOM: stat loss: -1 Dex (12/13)
  4198 | D:4      | XOM: enchant monster (bad)
  4362 | D:4      | XOM: stat loss: -1 Int (10/11)
  4507 | D:4      | XOM: summons 5 hostile demons
  4539 | D:5      | Entered Level 5 of the Dungeon
  4670 | D:5      | Found Datum's Weapon Boutique.
  4697 | D:5      | XOM: 3-stop teleportation journey
  4698 | D:5      | XOM is BORED!
  4698 | D:5      | XOM: 1-stop teleportation journey
  4794 | D:5      | XOM: potion effect (curing)
  4806 | D:5      | Reached XP level 9. HP: 72/72 MP: 14/14
  4954 | D:5      | Acquired a +2 demon trident of draining
  5472 | D:6      | XOM: polymorph hound -> killer bee
  5473 | D:6      | XOM: silly message
  5518 | D:6      | Reached skill level 5 in Dodging
  5774 | D:6      | Found a large runed translucent door.
  5774 | D:6      | Found a large runed translucent door.
  5782 | D:6      | Noticed WhatIsLove's ghost (novice HOMo)
  5797 | D:6      | XOM: silly message
  5799 | D:6      | XOM: swap monsters
  5813 | D:6      | Killed WhatIsLove's ghost
  5814 | D:6      | Reached skill level 5 in Invocations
  6010 | D:6      | XOM: 2-stop teleportation journey
  6440 | D:6      | XOM is BORED!
  6440 | D:6      | XOM: give mutations
  6440 | D:6      | Lost mutation: You are partially covered in iridescent
                  | scales. (AC +2) [Xom's mischief]
  6440 | D:6      | Gained mutation: Your body sometimes deteriorates upon
                  | taking damage. [Xom's mischief]
  6440 | D:6      | Gained mutation: You occasionally shout uncontrollably at
                  | your foes. [Xom's mischief]
  6537 | D:6      | Reached XP level 10. HP: 80/80 MP: 17/17
  6794 | D:6      | XOM: summons 2 hostile demons
  6795 | D:7      | XOM: noise
  6999 | D:7      | XOM: 1-stop teleportation journey
  7128 | D:7      | XOM: noise
  7166 | D:7      | Noticed a kobold demonologist
  7168 | D:7      | Noticed a manticore
  7175 | D:7      | Killed a kobold demonologist
  7176 | D:7      | Reached skill level 5 in Short Blades
  7176 | D:7      | Reached skill level 5 in Axes
  7176 | D:7      | Reached skill level 5 in Maces & Flails
  7176 | D:7      | Reached skill level 5 in Polearms
  7176 | D:7      | Reached skill level 5 in Staves
  7176 | D:7      | Reached skill level 5 in Slings
  7176 | D:7      | Reached skill level 5 in Bows
  7176 | D:7      | Reached skill level 5 in Crossbows
  7176 | D:7      | Reached skill level 5 in Throwing
  7176 | D:7      | Reached skill level 5 in Stealth
  7176 | D:7      | Reached skill level 5 in Shields
  7176 | D:7      | Reached skill level 5 in Unarmed Combat
  7176 | D:7      | Reached skill level 5 in Spellcasting
  7176 | D:7      | Reached skill level 5 in Evocations
  7192 | D:7      | Killed a manticore
  7197 | D:7      | Killed an unseen horror
  7475 | D:7      | Found the +10 Black Knight's barding {ponderous, rPois rN+}
  7478 | D:7      | Identified the +7 war axe "Fanneg" {pain, Str+5 Stlth-}
  7478 | D:7      | Identified the +1 ring mail "Uxadi" {rC+}
  7478 | D:7      | Identified the +9 rapier of Tomorrow {venom, SInv}
  7659 | D:7      | XOM: give mutations
  7659 | D:7      | Gained mutation: You are frail. (-10% HP) [Xom's mischief]
  7659 | D:7      | Gained mutation: Armour fits poorly on your strangely
                  | shaped body. [Xom's mischief]
  7659 | D:7      | Lost mutation: You are frail. (-10% HP) [Xom's mischief]
  8100 | D:8      | Found a staircase to the Lair.
  8378 | Lair:1   | Entered Level 1 of the Lair of Beasts
  8383 | Lair:1   | Noticed a cane toad
  8384 | Lair:1   | XOM: noise
  8389 | Lair:1   | Killed a cane toad
  8534 | Lair:1   | XOM: swap monsters
  8696 | Lair:1   | XOM: summons 5 friendly demons
  8697 | Lair:1   | XOM: blink monster(s)
  8705 | Lair:1   | Reached XP level 11. HP: 65/87 MP: 19/19
  9114 | Lair:2   | Noticed Fannar
  9117 | Lair:2   | XOM: enchant monster (bad)
  9119 | Lair:2   | XOM: summons friendly quasit
  9145 | Lair:2   | Killed Fannar
  9146 | Lair:2   | Reached skill level 5 in Conjurations
  9146 | Lair:2   | Reached skill level 5 in Hexes
  9146 | Lair:2   | Reached skill level 5 in Summonings
  9146 | Lair:2   | Reached skill level 5 in Necromancy
  9146 | Lair:2   | Reached skill level 5 in Translocations
  9146 | Lair:2   | Reached skill level 5 in Transmutations
  9146 | Lair:2   | Reached skill level 5 in Fire Magic
  9146 | Lair:2   | Reached skill level 5 in Ice Magic
  9146 | Lair:2   | Reached skill level 5 in Air Magic
  9146 | Lair:2   | Reached skill level 5 in Earth Magic
  9146 | Lair:2   | Reached skill level 5 in Poison Magic
  9216 | Lair:2   | XOM: give mutations
  9216 | Lair:2   | Gained mutation: You are clumsy. (Dex -2) [Xom's mischief]
  9216 | Lair:2   | Gained mutation: Your flesh is cold resistant. (rC+) [Xom's
                  | mischief]
  9216 | Lair:2   | Gained mutation: Your body often deteriorates upon taking
                  | damage. [Xom's mischief]
  9304 | Lair:2   | XOM: 1-stop teleportation journey
  9441 | Lair:2   | XOM: polymorph water moccasin -> golden eye
  9442 | Lair:2   | Noticed a boulder beetle
  9442 | Lair:2   | XOM: 1-stop teleportation journey
  9451 | Lair:2   | XOM: chaos cloud
  9451 | Lair:2   | XOM: smoke on damage
  9453 | Lair:2   | Paralysed by you for 6 turns
  9474 | Lair:2   | Killed a boulder beetle
  9479 | Lair:2   | XOM: summons 6 hostile demons
  9665 | Lair:2   | XOM: draining
  9694 | Lair:2   | XOM: god gift: scroll of noise
  9885 | Lair:2   | XOM: give mutations
  9885 | Lair:2   | Gained mutation: You are partially covered in iridescent
                  | scales. (AC +2) [Xom's mischief]
  9885 | Lair:2   | Gained mutation: You are very clumsy. (Dex -4) [Xom's
                  | mischief]
  9885 | Lair:2   | Gained mutation: You are strong-willed. (Will+) [Xom's
                  | mischief]
  9885 | Lair:2   | Lost mutation: Your body often deteriorates upon taking
                  | damage. [Xom's mischief]
 10166 | Lair:2   | XOM: polymorph cane toad -> golden eye
 10247 | Lair:2   | XOM: summons 5 hostile demons
 10506 | Lair:2   | XOM: summons 6 hostile demons
 10507 | Lair:2   | Noticed a sixfirhy
 11298 | D:9      | XOM: give mutation
 11298 | D:9      | Gained mutation: You sometimes lose the ability to read
                  | scrolls when taking damage. [Xom's mischief]
 11366 | D:9      | Found a staircase to the Orcish Mines.
 11383 | Orc:1    | Entered Level 1 of the Orcish Mines
 11391 | Orc:1    | Found Betuelor's Antique Weapon Shop.
 11731 | Orc:1    | XOM: divination: detect items
 11877 | Orc:1    | XOM: scenery: summon butterflies
 11878 | Orc:1    | XOM: god gift: box of beasts
 11907 | Orc:1    | Noticed an orc knight
 11939 | Orc:1    | XOM: cast spell 'Alistair's Intoxication'
 11972 | Orc:1    | Killed an orc knight
 11973 | Orc:1    | Reached XP level 12. HP: 49/96 MP: 22/22
 12029 | Orc:1    | XOM: 2-stop teleportation journey
 12492 | Orc:2    | Entered Level 2 of the Orcish Mines
 12587 | Orc:2    | Found Abbumuic's Specific Store.
 12590 | Orc:2    | Found Zarabem's General Store.
 12599 | Orc:2    | XOM: confuse monster(s)
 12612 | Orc:2    | Bought a scroll of teleportation for 33 gold pieces
 12612 | Orc:2    | Bought a scroll of enchant weapon for 82 gold pieces
 12612 | Orc:2    | Bought a potion of curing for 33 gold pieces
 12612 | Orc:2    | Bought a scroll of identify for 22 gold pieces
 12634 | Orc:2    | Found a staircase to the Elven Halls.
 12652 | Orc:2    | XOM: divination: detect creatures
 12973 | Orc:2    | XOM: potion effect (brilliance)
 12985 | Orc:2    | Killed from afar by an orc priest

Illustrated notes

Levels and vault maps discovered:
D:1:      tarquinn_simple_flora_water_e, layout_basic, serial_curves,
          eino_curves_03, eino_curves_01
D:2:      layout_rooms, hellmonk_ecumenical_altar_run_dry,
          minmay_joined_circles, uniq_terence, uniq_robin
D:3:      cheibrodos_helix_gallery, layout_loops_ring,
          nicolae_wu_jian_wuxing_cycle, grunt_temple_overflow_open,
          okawaru_metal_pillars_1_2, gup_sewer_entry_bubbles, serial_undead,
          serial_undead_e, serial_undead_f, serial_undead_e, serial_undead_d,
          serial_shops, nicolae_shop_waterfront, uniq_natasha
D:4:      layout_loops_ring, mainiacjoe_overflow_24_doors,
          minmay_temple_entry_grid, st_stairs_3, uniq_pikel
D:5:      layout_gridville, serial_shops, nicolae_shop_statue_plus,
          nrook_campfire, kennysheep_crisscross, minmay_small_thing
D:6:      layout_loops_cross, ebering_ghost_disaster_area
D:7:      minmay_the_grid_four_pointed_star
          [minmay_the_grid_triangle_9x9_longest,
          minmay_the_grid_triangle_9x9_from_above,
          minmay_the_grid_triangle_9x9_shrine,
          minmay_the_grid_triangle_9x9_alien,
          minmay_the_grid_prize_shrinking_boxes], layout_loops_ring,
          skrybe_limestone_x
D:8:      layout_basic, lair_entry_dummy, roderic_batcave
D:9:      layout_irregular_city, mainiacjoe_overflow_boulevard, orc_0_dummy,
          minmay_fire_ice_demons
Lair:1:   layout_cave_shapes
Lair:2:   layout_concentric_octagons, minivault_24, wad_woods_road_06,
          grunt_megastairs_1, uniq_fannar
Orc:1:    layout_diamond_mine, serial_shops, shop
Orc:2:    st_orc_pillars, layout_caves, nicolae_specific_store,
          nicolae_orc_tapped_out

Skill      XL: |  1  2  3  4  5  6  7  8  9 10 11 12 |
---------------+-------------------------------------+-----
Invocations    | 1 2 3 4 5 6 7 |  7.7
Short Blades   | 1 2 3 4 5 6 7 |  7.0
Axes           | 1 2 3 4 5 6 7 |  7.0
Maces & Flails | 1 2 3 4 5 6 7 |  7.0
Polearms       | 1 2 3 4 5 6 7 |  7.0
Staves         | 1 2 3 4 5 6 7 |  7.0
Slings         | 1 2 3 4 5 6 7 |  7.0
Bows           | 1 2 3 4 5 6 7 |  7.0
Crossbows      | 1 2 3 4 5 6 7 |  7.0
Throwing       | 1 2 3 4 5 6 7 |  7.0
Stealth        | 1 2 3 4 5 6 7 |  7.0
Shields        | 1 2 3 4 5 6 7 |  7.0
Unarmed Combat | 1 2 3 4 5 6 7 |  7.0
Spellcasting   | 1 2 3 4 5 6 7 |  7.0
Evocations     | 1 2 3 4 5 6 7 |  7.0
Conjurations   | 1 2 3 4 5 |  5.8
Hexes          | 1 2 3 4 5 |  5.8
Summonings     | 1 2 3 4 5 |  5.8
Necromancy     | 1 2 3 4 5 |  5.8
Translocations | 1 2 3 4 5 |  5.8
Transmutations | 1 2 3 4 5 |  5.8
Fire Magic     | 1 2 3 4 5 |  5.8
Ice Magic      | 1 2 3 4 5 |  5.8
Air Magic      | 1 2 3 4 5 |  5.8
Earth Magic    | 1 2 3 4 5 |  5.8
Poison Magic   | 1 2 3 4 5 |  5.8
Dodging        | 3 4 5 6 7 |  7.6
Armour         | 5 6 7 8 |  8.5
Fighting       | 7 8 9 |  9.7
Long Blades    | 7 8 9 |  9.7

Action                   |  1- 3 |  4- 6 |  7- 9 | 10-12 || total
-------------------------+-------+-------+-------+-------++-------
Melee: Falchion          |    26 |       |       |       ||    26
       Bite              |     4 |    32 |    22 |    40 ||    98
       Flail             |    50 |   331 |   212 |   338 ||   931
       Punch             |       |       |     3 |       ||     3
Throw: Boomerang         |       |       |       |    69 ||    69
       Dart              |       |       |       |     7 ||     7
Evoke: Wand              |       |       |       |     8 ||     8
       Box of beasts     |       |       |       |     1 ||     1
  Use: Scroll            |       |    10 |     4 |    21 ||    35
       Potion            |       |       |       |     6 ||     6
 Stab: Sleeping          |       |     7 |       |       ||     7
       Confused          |       |     1 |       |       ||     1
       Distracted        |       |       |       |     5 ||     5
       Invisible         |       |       |       |     1 ||     1
Armor: Leather armour    |    53 |   166 |       |       ||   219
       Plate armour      |       |    95 |   182 |   279 ||   556
Dodge: Dodged            |    57 |   228 |    48 |   106 ||   439
Block: Other             |    25 |   105 |    64 |    14 ||   208
       Reflection        |       |     1 |     3 |     1 ||     5
       Buckler           |       |       |       |    48 ||    48
       Kite shield       |       |       |       |   151 ||   151

Table legend: (Time is in decaauts)
 A = Elapsed time spent in this place.
 B = Non-inter-level travel time spent in this place.
 C = Inter-level travel time spent in this place.
 D = Time resting spent in this place.
 E = Time spent auto-exploring this place.
 F = Levels seen in this place.
 G = Mean time per level.
                   A        B        C        D        E       F      G
               +--------+--------+--------+--------+--------+-----+--------+
         Total |  13288 |  12454 |    834 |   1274 |   8155 |  14 |  949.1 |
       Dungeon |   8260 |   7565 |    695 |    269 |   5509 |   9 |  917.8 |
          Lair |   2888 |   2780 |    108 |    748 |   1448 |   2 | 1444.0 |
  Orcish Mines |   1623 |   1593 |     30 |    257 |    913 |   2 |  811.5 |
         Sewer |    516 |    516 |      0 |      0 |    284 |   1 |  516.0 |
               +--------+--------+--------+--------+--------+-----+--------+

Top non-repeatable levels by time:
  Lair:2: 2143 daAuts
     D:6: 1286 daAuts
     D:1: 1179 daAuts
     D:7: 1158 daAuts
     D:4: 1139 daAuts
   Orc:1: 1117 daAuts
     D:3: 1045 daAuts
     D:2: 971 daAuts
     D:5: 906 daAuts
  Lair:1: 745 daAuts
   Sewer: 516 daAuts
   Orc:2: 505 daAuts
     D:8: 436 daAuts
     D:9: 135 daAuts
